Map: Newkirk Precinct TE (Void)

Players

Malgor - Winner!

  • Race: Terran Terran
  • League: Master
  • Spawn Location: 5:00

Thalandros

  • Race: Zerg Zerg
  • League: Master
  • Spawn Location: 7:00

Event: IEM XI Katowice - World Championship 2017

VOD

Have the link to the VOD?

Description

Time

  • Played on: Feb. 28, 2017, 8:24 a.m.
  • Length: 21:49
Show
View Real Time Build Order
Export as new Build Order

Malgor Terran - Winner!

Build Orders: Reaper Expand, Bio Mine 

Get SALT Encoding   

  12  0:00  SCV  
  13  0:13  SCV  
  14  0:19  Supply Depot  
  14  0:25  SCV  
  15  0:40  SCV  
  15  0:42  Barracks  
  16  0:45  Refinery  
  16  0:52  SCV  
  17  1:05  SCV  
  18  1:17  SCV  
  19  1:29  Orbital Command  
  19  1:30  Reaper  
  20  1:45  Command Center  
  20  1:56  SCV  
  20  2:00  Barracks  
  21  2:10  SCV  
  21  2:12  Barracks Reactor  
  21  2:13  Supply Depot  
  22  2:22  SCV, Refinery  
  23  2:35  SCV  
  24  2:47  SCV, Barracks Tech Lab  
  24  2:48  Marine  
  24  2:49  Marine, Factory  
  27  2:59  SCV  
  27  3:02  Orbital Command  
  27  3:05  Marine  
  28  3:11  SCV  
  30  3:16  Marine x2  
  32  3:23  SCV  
  32  3:24  Marine  
  32  3:26  Supply Depot  
  34  3:33  SCV  
  35  3:35  Marine x2, SCV  
  35  3:36  Factory Reactor  
  38  3:43  Starport  
  38  3:45  SCV  
  38  3:47  SCV  
  40  3:54  Marine x3  
  43  3:57  SCV  
  44  4:03  SCV  
  44  4:09  SCV  
  46  4:12  Marine x3  
  46  4:14  Supply Depot  
  46  4:15  SCV  
  50  4:20  Supply Depot, Stimpack  
  50  4:24  SCV  
  50  4:27  Factory Reactor  
  51  4:32  Medivac  
  51  4:35  Medivac  
  51  4:37  Supply Depot  
  55  4:42  SCV x2  
  55  4:43  Marine x3  
  60  4:56  Command Center  
  60  4:57  SCV  
  61  5:02  Medivac  
  61  5:03  Marine x3, Supply Depot  
  66  5:07  SCV  
  66  5:09  SCV  
  66  5:13  Widow Mine x2  
  70  5:19  Engineering Bay  
  70  5:20  Engineering Bay  
  70  5:21  SCV  
  73  5:26  Supply Depot  
  73  5:27  Refinery  
  73  5:30  SCV, Refinery  
  73  5:33  Supply Depot  
  73  5:34  Marine x2  
  76  5:35  Marine  
  76  5:38  SCV  
  78  5:47  Widow Mine x2  
  78  5:48  Medivac  
  78  5:49  SCV  
  85  5:50  SCV  
  85  5:52  Marine  
  87  5:57  Marine  
  87  5:58  Marine  
  89  6:10  Marine  
  77  6:13  Barracks  
  77  6:14  Barracks  
  77  6:15  Marine, Barracks  
  77  6:17  Orbital Command  
  78  6:19  SCV  
  78  6:21  Combat Shields  
  78  6:24  SCV  
  80  6:28  Armory  
  80  6:30  Marine x2  
  80  6:31  Widow Mine  
  84  6:34  SCV  
  84  6:36  SCV  
  86  6:46  SCV x2  
  88  6:48  Marine, SCV  
  88  6:51  Medivac x2  
  94  6:58  Bunker, SCV x2  
  94  7:01  Supply Depot, SCV  
  97  7:02  Refinery  
  97  7:05  Barracks Reactor  
  97  7:06  Barracks Tech Lab, Barracks Reactor  
  97  7:07  Marine  
  98  7:10  SCV  
  98  7:11  Marine x2, Widow Mine x2  
  98  7:14  SCV  
  106  7:17  SCV  
  106  7:22  SCV  
  108  7:23  Medivac  
  108  7:24  Medivac  
  108  7:25  Marine, Terran Infantry Weapons Level 1  
  108  7:26  SCV  
  108  7:27  Terran Infantry Armor Level 1  
  114  7:40  Marine  
  114  7:41  Marine x4, Widow Mine x2  
  114  7:43  Marine  
  124  7:51  Marine  
  125  8:05  Marine x2  
  125  8:06  Marine x3, SCV  
  125  8:10  Supply Depot  
  125  8:19  Barracks  
  125  8:20  Factory  
  125  8:21  Marine x3, SCV x2, Supply Depot x2  
  125  8:22  Refinery  
  128  8:34  Marine x5, Widow Mine  
  129  8:35  Medivac x2  
  129  8:38  Marine x3, SCV  
  129  8:40  Command Center  
  129  8:41  Barracks  
  141  8:44  SCV  
  142  9:00  Marine x8, Widow Mine  
  152  9:07  Barracks Reactor  
  152  9:08  Factory Tech Lab  
  152  9:09  Medivac x2  
  156  9:18  Marine  
  157  9:26  Terran Infantry Weapons Level 2, Terran Infantry Armor Level 2  
  157  9:32  SCV  
  157  9:33  Marine x4, Widow Mine, Supply Depot  
  157  9:34  SCV x2  
  157  9:35  Supply Depot  
  157  9:36  Supply Depot x2  
  141  9:39  Medivac  
  141  9:49  Missile Turret  
  141  9:51  Missile Turret  
  141  9:57  Marine  
  141  9:58  Marine x3  
  141  9:59  Marine, Thor, Marauder x2  
  156  10:00  Widow Mine  
  156  10:02  Drilling Claws  
  160  10:20  Marauder  
  158  10:25  Marine  
  158  10:26  Marine x2  
  155  10:29  Marine, Barracks Tech Lab  
  155  10:30  Marine x4, Marauder  
  155  10:31  Widow Mine x2  
  164  10:36  Factory  
  164  10:42  Thor  
  170  10:43  Marine x3  
  170  10:45  Planetary Fortress  
  170  10:46  SCV x2  
  175  10:51  Marauder  
  175  10:52  Marine x3  
  175  10:53  Marine x2  
  175  10:56  Marine x2  
  184  11:01  Marauder  
  186  11:05  Missile Turret  
  186  11:08  Missile Turret  
  186  11:10  Marine  
  187  11:11  Marine x5  
  187  11:12  Medivac  
  195  11:24  SCV  
  196  11:26  Marine, Refinery  
  196  11:27  Marine x3, Refinery  
  196  11:30  Factory Tech Lab  
  199  11:34  Factory, Terran Vehicle Weapons Level 1  
  199  11:36  Factory  
  199  11:50  Command Center  
  199  11:53  Command Center  
  199  12:00  Marine  
  182  12:01  Marauder  
  182  12:02  Marauder  
  186  12:09  Missile Turret  
  178  12:19  Marine  
  178  12:20  Marine x7  
  178  12:22  Marine x2  
  159  12:27  Thor  
  130  12:37  Marine  
  130  12:38  Marine x7  
  130  12:43  Factory Reactor  
  135  12:45  Marine x2, Widow Mine  
  135  12:46  Widow Mine  
  141  12:55  Marine  
  141  12:56  Marine x7  
  149  13:01  Widow Mine, Factory Reactor  
  151  13:10  Factory Tech Lab, Widow Mine  
  151  13:12  Terran Infantry Weapons Level 3, Terran Infantry Armor Level 3  
  153  13:14  Widow Mine  
  153  13:17  Widow Mine  
  153  13:18  Marine  
  158  13:30  Thor  
  158  13:32  Marine  
  158  13:33  Marine  
  166  13:36  Planetary Fortress  
  166  13:39  Thor  
  166  13:53  Missile Turret x2  
  166  13:55  Missile Turret  
  147  14:13  Marine x2  
  147  14:14  Marine x2  
  147  14:16  Marine x2  
  148  14:20  Marine x2  
  148  14:23  Marine  
  151  14:25  Widow Mine x4  
  151  14:26  Thor  
  151  14:27  Medivac x2  
  151  14:28  SCV x3  
  163  14:31  Marine x3  
  163  14:32  Marine  
  163  14:34  Marine  
  163  14:37  Refinery x2  
  141  14:54  Thor  
  147  15:00  Marine  
  147  15:03  SCV x5  
  153  15:15  SCV x3  
  153  15:17  Marine  
  153  15:18  Marine x6, Widow Mine x2, Marauder  
  153  15:19  Widow Mine, Medivac x2  
  153  15:20  SCV  
  179  15:25  Missile Turret  
  179  15:27  Missile Turret  
  179  15:35  Marine  
  179  15:36  Marine x2, Marauder x2, Barracks Tech Lab  
  179  15:40  Marauder  
  165  15:55  Marine x2  
  165  15:56  Marine x3, Marauder, Orbital Command  
  152  15:57  Marine x2  
  152  16:01  Marauder  
  154  16:13  Marine x5  
  154  16:15  Marauder, SCV x4  
  154  16:16  Marauder  
  154  16:17  Marine  
  168  16:22  Marine  
  167  16:35  Marauder  
  131  16:56  Widow Mine x4  
  131  16:58  SCV x3  
  142  17:02  SCV  
  143  17:10  Command Center  
  143  17:12  Marine  
  143  17:13  Marine x3, Marauder  
  143  17:14  Marine, Missile Turret x2, Marauder x3  
  156  17:24  Widow Mine  
  156  17:25  Widow Mine x3  
  160  17:30  Marine x2  
  160  17:31  Marine  
  160  17:33  Marine x2  
  160  17:34  Marine  
  160  17:35  Marauder x3  
  172  17:41  Widow Mine x2  
  176  17:48  Marine  
  176  17:51  Marine x3  
  179  17:53  Widow Mine x4, Marauder  
  179  17:56  Marauder x2  
  193  18:21  Widow Mine  
  193  18:26  Marine x3  
  198  18:27  Marauder x2  
  198  18:31  Unknown x2  
  198  18:32  Marine x2  
  167  18:49  SCV  
  167  18:50  SCV  
  149  19:10  Widow Mine  
  149  19:11  Widow Mine x2  
  149  19:12  Marine x3  
  149  19:13  Marine x2, Marauder x3  
  149  19:14  Medivac x2  
  170  19:25  SCV  
  170  19:28  Command Center  
  171  19:34  Marauder  
  164  19:39  Widow Mine  
  146  19:55  Marine x3  
  146  19:56  Marauder x2  
  153  20:05  Marine x2, Widow Mine x2  
  153  20:06  Medivac  
  161  20:09  SCV x3  
  161  20:10  Orbital Command  
  164  20:21  SCV x2  
  164  20:22  SCV  
  164  20:26  Marine, Marauder  
  170  20:32  Marine x3  
  170  20:33  Marauder x2, SCV x2  
  170  20:34  SCV  
  180  20:45  SCV  
  180  20:46  SCV x2, Medivac  
  180  20:47  Widow Mine x3  
  180  20:48  Marauder  
  193  20:58  SCV x3  
  193  20:59  Marine x2  
  193  21:00  Marauder  
Show
View Real Time Build Order
Export as new Build Order

Thalandros Zerg 

Build Orders: Hatch First, Muta Ling Bane 

Get SALT Encoding   

  12  0:00  Drone  
  13  0:13  Overlord  
  13  0:18  Drone  
  14  0:31  Drone x2  
  16  0:36  Drone  
  17  0:53  Hatchery  
  16  1:03  Drone x2  
  18  1:11  Extractor  
  17  1:19  Spawning Pool  
  17  1:21  Drone x2  
  18  1:28  Drone  
  19  1:39  Overlord  
  19  2:05  Queen  
  19  2:07  Zergling x4, Queen  
  25  2:12  Metabolic Boost  
  25  2:15  Drone x2  
  27  2:18  Drone  
  28  2:23  Drone  
  29  2:33  Extractor  
  29  2:35  Drone x2  
  30  2:40  Drone  
  31  2:47  Queen  
  31  2:49  Overlord, Drone  
  34  2:58  Drone  
  35  3:10  Drone x3  
  38  3:18  Drone x3  
  41  3:22  Drone  
  41  3:23  Overlord, Drone  
  43  3:32  Zergling x2, Extractor  
  43  3:33  Zergling x4  
  44  3:39  Overlord  
  44  3:42  Extractor  
  44  3:43  Queen  
  44  3:45  Queen  
  44  3:47  Drone  
  50  3:56  Hatchery  
  50  3:58  Drone x2  
  50  3:59  Overlord  
  51  4:06  Drone x3  
  54  4:12  Overlord, Drone x2  
  54  4:15  Evolution Chamber  
  54  4:16  Extractor, Evolution Chamber  
  53  4:19  Drone x2  
  55  4:25  Drone  
  55  4:26  Drone  
  57  4:36  Overlord  
  57  4:42  Zerg Ground Armor Level 1  
  57  4:43  Zergling x2  
  58  4:48  Zergling x4  
  60  4:54  Overlord  
  60  4:55  Zergling x10  
  65  5:08  Zerg Melee Weapons Level 1, Drone  
  65  5:09  Drone x3  
  65  5:10  Extractor  
  65  5:12  Queen  
  65  5:13  Drone  
  71  5:20  Zergling x4  
  73  5:23  Zergling x4  
  73  5:24  Zergling x2  
  73  5:27  Queen, Baneling Nest  
  76  5:30  Zergling x8  
  76  5:34  Lair  
  80  5:40  Drone x2  
  80  5:41  Overlord  
  82  5:46  Zergling x2  
  83  6:10  Drone  
  83  6:11  Drone x9  
  93  6:14  Overlord  
  93  6:15  Extractor  
  92  6:20  Hatchery  
  92  6:21  Overlord  
  92  6:25  Baneling x3  
  91  6:26  Baneling x5  
  91  6:27  Drone x3  
  91  6:29  Extractor  
  91  6:30  Extractor  
  92  6:33  Overlord  
  92  6:34  Overseer  
  92  6:35  Pneumatized Carapace  
  92  6:39  Centrifical Hooks  
  92  6:42  Overlord  
  92  6:50  Drone x3  
  92  6:51  Drone x3  
  98  6:56  Drone x3  
  98  6:58  Hatchery  
  98  6:59  Zerg Ground Armor Level 2  
  100  7:14  Zerg Melee Weapons Level 2  
  100  7:15  Zergling x6  
  101  7:16  Zergling x12  
  109  7:26  Overlord x2  
  109  7:33  Overlord  
  109  7:34  Zergling x4  
  109  7:35  Zergling x12  
  109  7:36  Baneling x3  
  109  7:37  Baneling x5  
  115  7:38  Zergling x2  
  115  7:39  Overseer  
  115  7:43  Spire  
  115  7:46  Zergling x8  
  119  7:53  Baneling x2  
  119  7:54  Zergling x12  
  119  7:55  Overlord  
  115  8:08  Baneling  
  115  8:12  Drone x11  
  126  8:15  Baneling x5  
  125  8:28  Overlord, Drone x5  
  129  8:39  Overlord  
  129  8:46  Overlord  
  129  8:50  Zergling x2  
  129  8:51  Zergling x32  
  129  8:52  Zergling x6  
  129  8:55  Baneling x3  
  149  8:56  Baneling x3  
  149  8:58  Baneling  
  149  8:59  Mutalisk x2, Baneling x4  
  149  9:03  Zerg Flyer Weapons Level 1  
  149  9:06  Infestation Pit  
  149  9:08  Mutalisk x2  
  149  9:09  Mutalisk x3  
  158  9:14  Baneling x5  
  158  9:18  Zergling x12  
  158  9:19  Zergling x4  
  158  9:20  Overlord  
  158  9:22  Mutalisk x2  
  170  9:36  Zergling x10  
  170  9:37  Zergling x8  
  147  9:42  Mutalisk x2  
  150  9:48  Mutalisk x2  
  154  9:55  Extractor  
  154  9:57  Extractor  
  154  9:59  Baneling  
  152  10:00  Baneling x4  
  152  10:04  Mutalisk  
  152  10:06  Overlord  
  154  10:08  Zergling x8  
  154  10:09  Zergling x8  
  154  10:13  Overseer  
  160  10:15  Zergling x2  
  160  10:16  Zergling x16  
  160  10:17  Hatchery  
  146  10:22  Zergling x4  
  146  10:23  Zergling x2  
  146  10:24  Mutalisk x2  
  146  10:27  Hive  
  152  10:32  Mutalisk  
  154  10:39  Mutalisk  
  154  10:41  Zergling x2  
  154  10:42  Zergling x16  
  165  10:43  Baneling x3  
  165  10:44  Baneling x2  
  165  10:49  Mutalisk  
  165  10:51  Overlord  
  165  10:54  Zergling x10  
  172  11:03  Mutalisk x3  
  178  11:08  Zergling x8, Baneling x4  
  178  11:09  Zergling x2  
  178  11:10  Baneling x2  
  182  11:13  Overseer  
  182  11:14  Zergling x8  
  182  11:15  Zergling x2, Baneling  
  182  11:16  Baneling x2  
  187  11:24  Baneling x3  
  187  11:26  Baneling x3  
  187  11:27  Zergling x18, Baneling  
  187  11:29  Mutalisk  
  198  11:39  Mutalisk  
  200  11:44  Overlord  
  200  11:49  Adrenal Glands  
  200  11:59  Mutalisk x2  
  200  12:00  Mutalisk  
  191  12:01  Zergling x2  
  191  12:02  Zergling x14  
  191  12:05  Zerg Melee Weapons Level 3  
  178  12:17  Zergling x2  
  178  12:18  Zergling x24  
  161  12:23  Zergling x4  
  161  12:24  Zergling x12  
  161  12:29  Mutalisk x2  
  164  12:37  Zergling x6  
  164  12:41  Zergling x6  
  167  12:47  Zerg Ground Armor Level 3, Ultralisk Cavern  
  167  12:48  Zerg Flyer Weapons Level 2  
  167  12:49  Zergling x10  
  171  12:52  Drone  
  171  12:53  Drone x4  
  171  12:55  Extractor  
  171  12:56  Extractor  
  171  12:57  Baneling  
  171  12:58  Baneling x8  
  174  13:01  Baneling x3  
  174  13:02  Zergling x8  
  178  13:09  Zergling x8  
  182  13:12  Mutalisk  
  182  13:13  Mutalisk  
  182  13:15  Zergling x4  
  188  13:21  Zergling x4  
  188  13:22  Zergling x10  
  195  13:29  Overlord  
  193  13:50  Ultralisk  
  193  13:51  Baneling  
  193  13:52  Baneling x9  
  193  13:55  Mutalisk x2  
  188  14:07  Zergling x22  
  188  14:08  Zergling x6  
  195  14:14  Baneling x2  
  195  14:15  Ultralisk  
  198  14:21  Mutalisk  
  198  14:22  Mutalisk x3  
  178  14:41  Zergling x30  
  178  14:44  Baneling x4  
  178  14:45  Baneling  
  167  14:48  Ultralisk x2  
  167  14:49  Ultralisk  
  185  14:53  Mutalisk  
  185  14:58  Baneling x2  
  185  14:59  Baneling x4  
  185  15:00  Mutalisk x4  
  189  15:11  Zergling x16  
  175  15:14  Baneling x3  
  175  15:15  Baneling  
  175  15:18  Chitinous Plating  
  175  15:21  Corruptor  
  175  15:26  Corruptor  
  179  15:29  Baneling x3  
  179  15:31  Corruptor  
  181  15:38  Corruptor  
  157  15:52  Zergling x24  
  157  15:53  Zergling x4  
  155  15:58  Corruptor  
  152  16:09  Zergling x2  
  152  16:10  Zergling x20  
  163  16:18  Mutalisk x3  
  163  16:25  Baneling x4  
  169  16:26  Overseer x2, Baneling x2  
  139  16:43  Baneling x2  
  139  16:44  Baneling x3  
  139  16:47  Baneling x2  
  139  16:48  Ultralisk, Zergling x4  
  139  16:49  Zergling x10  
  147  17:00  Ultralisk  
  153  17:12  Zergling x12  
  153  17:13  Zergling x2  
  159  17:27  Drone x3  
  159  17:28  Drone x2  
  164  17:36  Ultralisk  
  170  17:39  Mutalisk x2  
  174  17:44  Mutalisk  
  174  17:45  Mutalisk  
  174  17:48  Baneling x2  
  174  18:00  Mutalisk x4  
  182  18:05  Zergling x2  
  182  18:06  Zergling x6  
  182  18:11  Mutalisk x2  
  184  18:19  Mutalisk x3  
  188  18:32  Overseer  
  188  18:33  Overseer  
  162  18:42  Zergling x2  
  162  18:43  Zergling x26  
  163  19:01  Zergling x16  
  144  19:10  Baneling x3  
  144  19:11  Zergling x2, Baneling x2  
  144  19:12  Zergling x2  
  146  19:29  Baneling x4  
  146  19:35  Hatchery  
  142  19:42  Mutalisk x2  
  100  19:53  Zergling x2  
  100  19:54  Zergling x10  
  106  20:04  Zergling x8  
  106  20:06  Baneling x2  
  104  20:18  Zergling x8  
  104  20:19  Zergling x2  
  109  20:32  Mutalisk, Extractor  
  109  20:33  Mutalisk  
  109  20:34  Extractor  
  111  20:40  Overseer  
  111  20:42  Baneling x2  
  105  20:43  Zergling x2  
  106  20:55  Mutalisk x2  
  110  20:59  Zergling x6  
  113  21:06  Zergling x6  
  113  21:10  Baneling x4  
  113  21:11  Mutalisk  
  116  21:23  Zergling x2  
  116  21:24  Zergling x2  
  116  21:25  Zergling x10  

Tags
 
Add a new tag
Caveats
  • Supply blocks, unpowered buildings, or Contaminate may cause inaccurate times.
  • Supply counts are checked every 10 seconds.